 Dungeon Crawl Stone Soup version 0.28.0-43-g3370ac3207 (webtiles) character file.

Game seed: 13054323980538011883

61 cbfl8 the Sneak (level 3, -5/33 HPs)
             Began as a Minotaur Delver on Feb 28, 2022.
             Slain by a gnoll
             ... wielding a +0 halberd
              (10 damage)
             ... on level 5 of the Dungeon.
             The game lasted 00:00:57 (684 turns).

cbfl8 the Sneak (Minotaur Delver)                    Turns: 684, Time: 00:00:57

Health: -5/33      AC:  3    Str: 18    XL:     3   Next: 83%
Magic:  2/2        EV: 12    Int:  7    God:
Gold:   6          SH:  0    Dex: 11    Spells: 2/2 levels left

rFire   . . .      SeeInvis .   h - +0 war axe (freeze)
rCold   . . .      Faith    .   (no shield)
rNeg    . . .      Spirit   .   b - +0 leather armour
rPois   .          Reflect  .   (helmet restricted)
rElec   .          Harm     .   (no cloak)
rCorr   .          Rampage  .   (no gloves)
Will    .....                   (no boots)
Stlth   ++........              (no amulet)
HPRegen 0.11/turn               (no ring)
MPRegen 0.08/turn               (no ring)

@: no status effects
A: horns 2, retaliatory headbutt
a: no special abilities


You were on level 5 of the Dungeon.
You visited 1 branch of the dungeon, and saw 1 of its levels.

You collected 6 gold pieces.

Inventory:

Hand Weapons
 a - a +0 hand axe
 h - a +0 war axe of freezing (weapon)
Armour
 b - a +0 leather armour (worn)
Wands
 g - a wand of digging (3)
Scrolls
 c - a scroll of fog
 d - a scroll of magic mapping
 e - a scroll of fear


   Skills:
 + Level 4.1 Fighting
 + Level 2.9 Axes
 + Level 0.4 Armour
 + Level 2.3 Dodging
 + Level 5.0 Stealth


You had 2 spell levels left.
You didn't know any spells.
Your spell library contained the following spells:

 Spells                   Type           Power      Damage    Failure   Level
 Pain                     Necr           0%         1d4       50%         1
 Agony                    Necr           0%         N/A       100%        5
 Excruciating Wounds      Necr           0%         N/A       100%        5


Dungeon Overview and Level Annotations

Branches:
Dungeon (5/15)
 Temple: D:4-7

Altars:
Uskayaw


Innate Abilities, Weirdness & Mutations

You have a pair of horns on your head.
You reflexively headbutt those who attack you in melee.


Message History

The ufetubus hits you but does no damage.
The ufetubus barely misses you. The ufetubus closely misses you.
The ufetubus misses you.
Your extra speed is starting to run out.
The ufetubus barely misses you. You furiously retaliate!
You headbutt the ufetubus, but do no damage.
The ufetubus hits you. The ufetubus closely misses you.
The ufetubus hits you but does no damage.
You feel yourself slow down. The ufetubus closely misses you.
You furiously retaliate!
You headbutt the ufetubus, but do no damage.
The ufetubus hits you.
The ufetubus hits you but does no damage.
The ufetubus misses you. The ufetubus closely misses you.
The ufetubus hits you.
The ufetubus hits you but does no damage.
The ufetubus misses you.
The ufetubus hits you but does no damage.
The ufetubus hits you. The ufetubus misses you. You furiously retaliate!
You headbutt the ufetubus!
You kill the ufetubus!
Your Stealth skill increases to level 5!
You start resting.
HP restored.
The gnoll hits you but does no damage. The gnoll hits you with a +0 club.
The gnoll barely misses you. You furiously retaliate!
You headbutt the gnoll!
The gnoll shouts! x2
The gnoll throws a throwing net.
The throwing net hits you.
You become entangled in the net!
The gnoll hits you but does no damage.
You see here a throwing net.
You struggle against the net.
The gnoll hits you with a +0 club!
You tear a large gash into the net.
The gnoll hits you with a +0 club.
You rip the net and break free!
The gnoll barely misses you. The gnoll hits you with a +0 club.
The gnoll hits you from afar with a +0 halberd!
* * * LOW HITPOINT WARNING * * *
The gnoll hits you from afar with a +0 halberd!
You die...

O......g......?..#.#
##########O......#.#
......#..........#.#
#####.#.##.......#.#
.... ... #.......#.#
.#########.......#.#
.. #......gg.# ...
#........g#
#......@..#
#....##.######
..####..# # .###.##
..#O# #.#.# #.#g#
#.#.#
#.#.##############


You could see an ogre (wandering) and 3 gnolls.

Vanquished Creatures
  A hound (D:5)
  A scorpion zombie (D:5)
  An ufetubus (D:5)
3 creatures vanquished.

Notes
Turn   | Place    | Note
-------+----------+-------------------------------------------
     0 | D:5      | cbfl8 the Minotaur Delver began the quest for the Orb.
     0 | D:5      | Reached XP level 1. HP: 19/19 MP: 0/0
     6 | D:5      | Noticed an orc priest
    48 | D:5      | Noticed a hound
    56 | D:5      | Killed a hound
    57 | D:5      | Reached XP level 2. HP: 13/27 MP: 1/1
    57 | D:5      | Reached XP level 3. HP: 16/33 MP: 2/2
   362 | D:5      | Found a hide-covered altar of Uskayaw.
   420 | D:5      | Noticed an ogre
   491 | D:5      | Reached skill level 5 in Stealth
   684 | D:5      | Slain by a gnoll

Illustrated notes

Levels and vault maps discovered:
D:5:      layout_rooms, mainiacjoe_overflow_catwalk, serial_co_window_serial,
          co_window_paths_a, co_window_paths_a, co_window_paths_a,
          co_window_of_opportunity_a, co_window_paths_a, co_window_corner_a,
          co_window_corner_a, co_window_broadway_b, co_window_broadway_b,
          co_window_corner_cb, co_window_of_opportunity_b, co_window_corner_b,
          co_window_paths_c, co_window_corner_b, co_window_paths_e,
          glass_columns_b, glass_columns_b

Skill      XL: |  1  2  3 |
---------------+----------+-----
Fighting       | 4 |  4.1
Stealth        | 5 |  5.0
Axes           | |  2.9
Armour         | |  0.4
Dodging        | |  2.3

Action                   || total
-------------------------++-------
Melee: War axe           ||    14
       Headbutt          ||     3
       Punch             ||     1
  Use: Potion            ||     1
Armor: Leather armour    ||    15
Dodge: Dodged            ||    22
